 Dungeon Crawl Stone Soup version 0.29.1-1-gd02db6906a (webtiles) character file.

Game seed: 10109473700192361132

25 Powertoast the Ruffian (level 2, -1/28 HPs)
             Began as a Troll Gladiator on Sept 20, 2022.
             Succumbed to Crazy Yiuf's poison
             ... on level 2 of the Dungeon.
             The game lasted 00:01:30 (709 turns).

Powertoast the Ruffian (Troll Gladiator)             Turns: 709, Time: 00:01:30

Health: -1/28      AC:  4    Str: 21    XL:     2   Next: 86%
Magic:  1/1        EV: 10    Int:  4    God:
Gold:   48         SH:  0    Dex: 11    Spells: 1/1 levels left

rFire   . . .      SeeInvis .     - Unarmed
rCold   . . .      Faith    .   (no shield)
rNeg    . . .      Spirit   .   a - +0 robe
rPois   .          Reflect  .   b - +0 hat
rElec   .          Harm     .   (no cloak)
rCorr   .          Rampage  .   (gloves unavailable)
Will    .....                   (boots unavailable)
Stlth   +.........              (no amulet)
HPRegen 0.89/turn               e - ring of flight
MPRegen 0.07/turn               (no ring)

@: lethally poisoned (-1 -> -13), flying
A: large, unfitting armour, claws 3, regeneration 1, shaggy fur 1, tough skin 1
a: no special abilities


You were on level 2 of the Dungeon.
You visited 1 branch of the dungeon, and saw 2 of its levels.

You collected 48 gold pieces.

Inventory:

Missiles
 c - 3 throwing nets (quivered)
 d - a large rock
Armour
 a - a +0 robe (worn)
 b - a +0 hat (worn)
Jewellery
 e - a ring of flight (left claw)
Scrolls
 f - a scroll of torment {unknown}
 g - a scroll of identify {unknown}
 h - a scroll of immolation {unknown}


   Skills:
 + Level 1.9 Fighting
 + Level 2.2 Throwing
 + Level 2.7 Dodging
 + Level 3.2 Unarmed Combat


You had one spell level left.
You didn't know any spells.
Your spell library was empty.

Dungeon Overview and Level Annotations

Branches:
Dungeon (2/15)

Altars:

Annotations:
D:2 Crazy Yiuf


Innate Abilities, Weirdness & Mutations

You are too large for most types of armour.
You have claws for hands.
Your natural rate of healing is unusually fast.
You are covered in fur. (AC +1)
You have tough skin. (AC +1)


Message History

There is an open gate here.
As you open the door, it creaks loudly!
There is an open door here.
Done exploring.
Search for what [? for help]? .
(D) Dungeon
Where to? (? - help)
There is an open gate here.
There is a stone staircase leading down here.
You fly downwards.
Found three hammers and a glowing hammer.
There is a stone staircase leading up here.
Found a hammer.
You see here a +0 hammer.
You see here a +1 vorpal hammer.
You see here a +0 hammer.
You see here a +1 vorpal hammer.
You see here a +0 hammer.
Found three hammers.
Found a runed translucent door.
You see here a +0 hammer.
Found a hammer.
You see here a +0 hammer.
Crazy Yiuf shouts!
You reach down and open the door.
Crazy Yiuf misses you.
There is an open translucent door here.
You barely miss Crazy Yiuf. You scratch Crazy Yiuf.
Crazy Yiuf is lightly wounded.
Crazy Yiuf hits you with a +3 quarterstaff of chaos!
Ouch! That really hurt!
Crazy Yiuf freezes you.
You barely miss Crazy Yiuf.
Crazy Yiuf is lightly wounded.
Crazy Yiuf hits you with a +3 quarterstaff of chaos!
* * * LOW HITPOINT WARNING * * *
You are lethally poisoned!
You closely miss Crazy Yiuf.
Crazy Yiuf is lightly wounded.
You die...

# ### ##.#.. ......
#....###♣♣♣♣♣
#....<....♣)♣♣♣ ####
#.....)..))♣.)♣#...#
#.......).♣♣♣♣.@g).#
##.......♣♣ ♣♣#.))#
.......##♣♣ ####
###..### #... #....
....


You could see Crazy Yiuf.

Vanquished Creatures
  A ball python (D:1)
  2 bats (D:1)
  6 endoplasms (D:1)
  4 giant cockroaches (D:1)
  2 hobgoblins (D:1)
  A quokka (D:1)
  A frilled lizard (D:1)
  2 goblins (D:1)
  A rat (D:1)
20 creatures vanquished.

Notes
Turn   | Place    | Note
-------+----------+-------------------------------------------
     0 | D:1      | Powertoast the Troll Gladiator began the quest for the Orb.
     0 | D:1      | Reached XP level 1. HP: 19/19 MP: 0/0
   128 | D:1      | Found a faded altar of an unknown god.
   262 | D:1      | Reached XP level 2. HP: 28/28 MP: 1/1
   700 | D:2      | Found a runed translucent door.
   701 | D:2      | Noticed Crazy Yiuf
   709 | D:2      | Succumbed to Crazy Yiuf's poison

Illustrated notes

Levels and vault maps discovered:
D:1:      sevenhm_arrival_forest_fort_large_2, layout_loops_cross,
          dreamdust_ecumenical_altar_statues
D:2:      layout_loops_ring, uniq_crazy_yiuf_cottage

Skill      XL: |  1 |
---------------+----+-----
Throwing       | 2 |  2.2
Fighting       | |  1.9
Dodging        | |  2.7
Unarmed Combat | |  3.2

Action                   || total
-------------------------++-------
Melee: Unarmed           ||    46
       Punch             ||     2
 Stab: Sleeping          ||     2
Armor: Robe              ||    11
Dodge: Dodged            ||    21
